 Dungeon Crawl Stone Soup version 0.26-a0-611-g354ed81502 (webtiles) character file.

Game seed: 13891130816080065960

1306 Peloso the Slasher (level 8, -1/69 HPs)
             Began as a Minotaur Fighter on Sept 5, 2020.
             Slain by Menkaure (6 damage)
             ... on level 6 of the Dungeon.
             The game lasted 00:07:47 (5099 turns).

Peloso the Slasher (Minotaur Fighter)               Turns: 5099, Time: 00:07:48

Health: -1/69      AC: 11    Str: 21    XL:     8   Next: 32%
Magic:  16/16      EV:  7    Int: 11    God:
Gold:   302        SH: 10    Dex: 12    Spells: 7/7 levels left

rFire    . . .     SeeInvis .   a - +0 long sword
rCold    . . .     Faith    .   c - +0 kite shield
rNeg     . . .     Spirit   .   q - +0 chain mail
rPois    .         Reflect  .   (helmet restricted)
rElec    .         Harm     .   (no cloak)
rCorr    .                      (no gloves)
MR       .....                  r - +0 pair of boots
Stlth    ..........             (no amulet)
HPRegen  0.21/turn              e - ring of magical power
MPRegen  0.15/turn              f - +6 ring of intelligence

@: no status effects
A: retaliatory headbutt, horns 2
a: no special abilities


You were on level 6 of the Dungeon.
You visited 1 branch of the dungeon, and saw 6 of its levels.

You collected 302 gold pieces.

Inventory:

Hand Weapons
 a - a +0 long sword (weapon)
Missiles
 n - 18 bolts
Armour
 b - a +0 scale mail
 c - a +0 kite shield (worn)
 q - a +0 chain mail (worn)
 r - a +0 pair of boots (worn)
 u - a +0 pair of gloves
Jewellery
 e - a ring of magical power (left hand)
 f - a +6 ring of intelligence (right hand)
Scrolls
 g - 4 scrolls of identify
 h - 6 scrolls of teleportation {unknown}
 i - 2 scrolls of fear {unknown}
 j - 5 scrolls of remove curse {unknown}
 k - 2 scrolls of enchant armour {unknown}
 o - 4 scrolls of random uselessness {unknown}
 p - 2 scrolls of enchant weapon {unknown}
 s - a scroll of immolation {unknown}
Potions
 d - a potion of might
 m - a potion of curing
 t - 3 potions of invisibility
 v - 2 potions of haste
 w - a potion of ambrosia
 x - a potion of berserk rage


   Skills:
 + Level 5.5 Fighting
 + Level 7.5 Long Blades
 + Level 7.0 Armour
 + Level 2.2 Dodging
 + Level 1.0 Stealth
 + Level 6.6 Shields


You had 7 spell levels left.
You didn't know any spells.
Your spell library contained the following spells:

 Spells                   Type           Power        Failure   Level
 Animate Skeleton         Necr           #.....       100%        1
 Apportation              Tloc           #.....       100%        1
 Corona                   Hex            #......      100%        1
 Summon Small Mammal      Summ           #...         100%        1


Dungeon Overview and Level Annotations

Branches:
Dungeon (6/15)
 Temple: D:4-7

Altars:
Cheibriados
Dithmenos
Fedhas
Ru
Sif Muna
Trog
Xom
Zin

Annotations:
D:6 Menkaure


Innate Abilities, Weirdness & Mutations

You reflexively headbutt those who attack you in melee.
You have a pair of horns on your head.


Message History

You barely miss Menkaure.
Menkaure is heavily damaged.
You block Menkaure's attack. The phantom hits you!
* * * LOW HITPOINT WARNING * * *
The phantom blinks!
Unknown command.
You feel much better. Menkaure hits you!!
* * * LOW HITPOINT WARNING * * *
The phantom blinks!
Unknown command.
You slash Menkaure!
Menkaure is severely damaged.
Menkaure hits you!
* * * LOW HITPOINT WARNING * * *
Unknown command.
You hit Menkaure.
Menkaure is almost destroyed.
The phantom hits you but does no damage.
Menkaure hits you.
You die... # #######.# #...W@M.# #.#####ยง# #

You could see a phantom and Menkaure.

Vanquished Creatures
  Pikel (D:5)
  An ogre (D:5)
  A phantom (D:4)
  A wyvern zombie (D:4)
  2 scorpions (D:5)
  A bullfrog zombie (D:5)
  An orc priest (D:2)
  2 orc wizards (D:5)
  Jessica (D:2)
  A bullfrog skeleton (D:3)
  An iguana (D:5)
  5 worker ants
  A hound zombie (D:3)
  A howler monkey skeleton (D:3)
  6 adders
  A shadow imp (D:5)
  A white imp (D:5)
  An adder skeleton (D:4)
  A worm (D:4)
  A dart slug (D:1)
  3 leopard geckos
  8 orcs
  2 ball pythons
  9 bats
  2 giant cockroaches
  16 goblins
  7 hobgoblins
  8 jackals
  6 quokkas
  A ball python zombie (D:3)
  10 frilled lizards
  9 kobolds
  2 leopard gecko skeletons (D:3)
  A leopard gecko zombie (D:3)
  A quokka skeleton (D:4)
  7 rats
123 creatures vanquished.

Notes
Turn   | Place    | Note
-------+----------+-------------------------------------------
     0 | D:1      | Peloso the Minotaur Fighter began the quest for the Orb.
     0 | D:1      | Reached XP level 1. HP: 19/19 MP: 0/0
   175 | D:1      | Reached XP level 2. HP: 27/27 MP: 1/1
   816 | D:2      | Reached XP level 3. HP: 33/33 MP: 2/2
   876 | D:2      | Reached XP level 4. HP: 24/41 MP: 3/3
  1419 | D:2      | Found a snail-covered altar of Cheibriados.
  1556 | D:3      | Found a bloodstained altar of Trog.
  1974 | D:3      | Noticed Jessica
  2245 | D:2      | Reached XP level 5. HP: 19/47 MP: 4/4
  2441 | D:2      | Killed Jessica
  2542 | D:3      | Reached skill level 1 in Dodging
  2578 | D:3      | Noticed an angel
  2791 | D:3      | Reached skill level 5 in Shields
  2914 | D:3      | Found a shimmering altar of Xom.
  2914 | D:3      | Found a glowing silver altar of Zin.
  3076 | D:4      | Reached XP level 6. HP: 49/53 MP: 5/5
  3186 | D:4      | Reached skill level 5 in Armour
  3324 | D:4      | Reached skill level 5 in Long Blades
  3332 | D:4      | Found a blossoming altar of Fedhas.
  3885 | D:5      | Entered Level 5 of the Dungeon
  3937 | D:5      | Reached skill level 5 in Fighting
  3971 | D:5      | Found a shadowy altar of Dithmenos.
  3992 | D:5      | Reached XP level 7. HP: 61/61 MP: 6/6
  4066 | D:5      | Found a sacrificial altar of Ru.
  4188 | D:5      | Noticed Pikel
  4220 | D:5      | Killed Pikel
  4220 | D:5      | Reached skill level 1 in Stealth
  4220 | D:5      | Reached XP level 8. HP: 36/68 MP: 7/7
  4897 | D:5      | Found a shimmering blue altar of Sif Muna.
  5088 | D:6      | Noticed Menkaure
  5099 | D:6      | Slain by Menkaure

Illustrated notes

Levels and vault maps discovered:
D:1:      mainiacjoe_arrival_reflecting_pool, layout_loops_ring
D:2:      layout_loops_ring, cheibriados_altar_1, serial_park_tiny_1,
          minmay_diced_spiral
D:3:      layout_basic, grunt_temple_overflow_order_and_chaos_1,
          lemuel_doored_altar, serial_undead, serial_undead_d, serial_undead_a,
          serial_undead_a, serial_undead_a, hex_large,
          kennysheep_generic_room_15, uniq_jessica
D:4:      layout_loops_ring, kennysheep_mini, minmay_goblin_outpost
D:5:      layout_loops_ring, grunt_dithmenos_smoke_and_mirrors,
          lemuel_crystal_altar, led_sif_book, uniq_pikel
D:6:      layout_loops_cross, elyvilon_altar_5, minmay_temple_entry_overgrown,
          serial_shops, nicolae_shop_stone, uniq_menkaure

Skill      XL: |  1  2  3  4  5  6  7  8 |
---------------+-------------------------+-----
Fighting       | 4 5 |  5.5
Armour         | 4 5 6 7 |  7.0
Shields        | 4 5 6 |  6.6
Long Blades    | 3 4 5 6 7 |  7.5
Dodging        | 1 2 |  2.2
Stealth        | 1 |  1.0

Action                   |  1- 3 |  4- 6 |  7- 9 || total
-------------------------+-------+-------+-------++-------
Melee: Long sword        |    74 |   190 |   102 ||   366
       Headbutt          |     8 |    29 |    16 ||    53
  Use: Potion            |     1 |     2 |     2 ||     5
       Scroll            |       |     4 |       ||     4
Armor: Scale mail        |    44 |    59 |       ||   103
       Chain mail        |       |    39 |    44 ||    83
Dodge: Dodged            |    31 |    62 |    16 ||   109
Block: Kite shield       |    48 |   119 |    40 ||   207
       Rpst.: Long sword |     7 |    16 |     4 ||    27

Table legend: (Time is in decaauts)
 A = Elapsed time spent in this place.
 B = Non-inter-level travel time spent in this place.
 C = Inter-level travel time spent in this place.
 D = Time resting spent in this place.
 E = Time spent auto-exploring this place.
 F = Levels seen in this place.
 G = Mean time per level.
                   A        B        C        D        E       F      G
               +--------+--------+--------+--------+--------+-----+--------+
         Total |   5203 |   5074 |    129 |    383 |   3543 |   6 |  867.2 |
       Dungeon |   5203 |   5074 |    129 |    383 |   3543 |   6 |  867.2 |
               +--------+--------+--------+--------+--------+-----+--------+

Top non-repeatable levels by time:
     D:5: 1220 daAuts
     D:2: 1215 daAuts
     D:3: 1011 daAuts
     D:4: 917 daAuts
     D:1: 826 daAuts
     D:6: 11 daAuts
